 Dungeon Crawl Stone Soup version 0.31-a0-161-gb58dd9be76 (webtiles) character file.

Game seed: 258595707780371080

2020 Demosthentine the Trooper (level 9, 62/62 HPs)
             Began as a Demonspawn Gladiator on June 12, 2023.
             Was a Follower of Hepliaklqana.
             Got out of the dungeon alive.
             The game lasted 00:05:47 (5176 turns).

Demosthentine the Trooper (Demonspawn Gladiator)    Turns: 5176, Time: 00:05:48

Health: 62/62      AC:  7    Str: 16    XL:     9   Next: 3%
Magic:  9/9        EV: 16    Int: 11    God:    Hepliaklqana [*.....]
Gold:   346        SH:  0    Dex: 16    Spells: 8/8 levels left

rFire   . . .        a - +1 trident (spect)
rCold   . . .        (no shield)
rNeg    . . .        o - +0 troll leather armour {Pargi}
rPois   .            c - +0 helmet
rElec   .            (no cloak)
rCorr   .            s - +0 pair of gloves
SInv    .            (no boots)
Will    .....        (no amulet)
Stlth   +            (no ring)
HPRegen 1.10/turn    (no ring)
MPRegen 0.11/turn

%: no passive effects
@: no status effects
A: reduced essence, claws 2, repulsion field 1, spiny 1
a: Renounce Religion, Recall Ancestor, Ancestor Identity


You escaped.
You worshipped Hepliaklqana.
Hepliaklqana was aware of your devotion.
You visited 2 branches of the dungeon, and saw 7 of its levels.
You also visited: Sewer.

You collected 346 gold pieces.

Inventory:

Hand Weapons
 a - a +1 spectral trident (weapon)
Missiles
 d - 2 throwing nets (quivered)
 e - 4 javelins
 i - 14 poisoned darts
Armour
 c - a +0 helmet (worn)
 o - a +0 troll leather armour (worn) {Pargi}
 s - a +0 pair of gloves (worn)
Jewellery
 w - a ring of resist corrosion
Wands
 k - a wand of mindburst (15)
 p - a wand of quicksilver (7)
 r - a wand of flame (1)
Scrolls
 g - 2 scrolls of enchant weapon
 n - a scroll of teleportation
 q - a scroll of immolation {unknown}
 v - a scroll of brand weapon
Potions
 b - 2 potions of haste
 f - 2 potions of curing
 h - a potion of attraction
 j - 2 potions of lignification
 l - a potion of might {unknown}
 m - a potion of mutation {unknown}
 t - a potion of magic {unknown}
 u - a potion of brilliance {unknown}


   Skills:
 + Level 6.1 Fighting
 + Level 6.0 Polearms
 - Level 1.7 Throwing
 + Level 5.2 Armour
 + Level 6.0 Dodging


You had 8 spell levels left.
You didn't know any spells.
Your spell library contained the following spells:

 Spells                   Type           Power      Damage    Failure   Level
 Blink                    Tloc           0%         N/A       54%         2
 Call Canine Familiar     Summ           0%         N/A       77%         3
 Portal Projectile        Hex/Tloc       0%         N/A       77%         3
 Leda's Liquefaction      Hex/Erth       0%         N/A       99%         4
 Manifold Assault         Tloc           0%         N/A       99%         4
 Storm Form               Tmut/Air       0%         N/A       100%        7


Dungeon Overview and Level Annotations

Branches:
Dungeon (6/15)             Temple (1/1) D:4           Sewer (visited)

Altars:
Cheibriados
Dithmenos
Fedhas
Hepliaklqana
Kikubaaqudgha
Makhleb
Nemelex Xobeh
Qazlal
Ru
Sif Muna
Uskayaw
Vehumet
Wu Jian
Xom
Yredelemnul

Shops:
D:2 :


Innate Abilities, Weirdness & Mutations

Your life essence is reduced to manifest your ancestor. (-10% HP)
You have very sharp fingernails.
You are surrounded by a mild repulsion field. (EV +2)
You are partially covered in sharp spines.


Message History

The scorpion stings Xochipepe.
Xochipepe hits the scorpion!
You hit the scorpion.
You kill the scorpion!
Your +1 spectral trident disappears.
Unknown command.
No target in view!
Unknown command.
No target in view!
No target in view!
No target in view!
(D) Dungeon (T) Temple
Where to? (Enter - D:5, ? - help)
What level of the Dungeon? (default 1, ? - help) Ancestor HP restored.
You see here an iguana corpse.
There is a stone staircase leading up here.
You climb upwards.
There is a stone staircase leading down here.
There is an open door here.
There is an open door here.
There is a stone staircase leading up here.
You climb upwards.
There is a stone staircase leading down here.
You swap places.
There is a stone staircase leading up here.
You climb upwards.
There is a stone staircase leading down here.
You swap places.
There is a stone staircase leading up here.
You climb upwards.
There is a stone staircase leading down here.
Unknown command.
Press: ? - help, . - travel You can't see that place. [a staircase leading out of the dungeon.]
There is a staircase leading out of the dungeon here.
Are you sure you want to leave the Dungeon?
This will make you lose the game!
Alright, then stay!
Are you sure you want to leave the Dungeon?
This will make you lose the game!
You have escaped!

#.........########
#..#.............#
#..######.######.. #..# #.# ###
### #########.#
#####.##########....####
#...[...(.....##.##...##
#.#.###.#######..####..##
#..#####.#####@.## ##..#######
#.###........#R.# #..##.....
#..##.##.#...#..## ##..######
#.#.#.#.##.#.##.)### ##.# #
#.##...###.#.##....####..## #
#.###.####.#.###....#.....#####
#..........#.# ##........##....
#####.###..#.#####........##.##
##.# #..#.##..R....#..###.##


You could see the friendly Xochipepe the ancestor.

Vanquished Creatures
  A hornet (D:5)
  2 water moccasins
  An orc warrior (D:5)
  Pargi (Sewer)
  A centaur (D:5)
  A phantom (D:6)
  Blork the orc (D:4)
  A bullfrog (D:6)
  2 scorpions (D:5)
  A jelly (D:4)
  An orc priest (D:4)
  A gnoll bouda (D:5)
  3 hounds (D:5)
  A sleepcap (D:6)
  An orc wizard (D:5)
  5 iguanas
  Ijyb (D:3)
  7 gnolls
  A river rat (D:3)
  9 adders
  A worm (D:2)
  A dart slug (D:5)
  15 orcs
  7 bats
  6 endoplasms
  5 giant cockroaches
  17 goblins
  11 hobgoblins
  7 jackals
  7 quokkas
  14 ball pythons
  5 frilled lizards
  13 kobolds
  8 rats
159 creatures vanquished.

Vanquished Creatures (collateral kills)
  A water moccasin (D:5)
  An ice beast (D:5)
  A hound (D:5)
  An orc wizard (D:6)
  An iguana (D:5)
  An ufetubus (D:6)
6 creatures vanquished.

Vanquished Creatures (others)
  2 orc wizards
  2 ancestors (D:5)
  A spectral weapon (D:5)
5 creatures vanquished.

Grand Total: 170 creatures vanquished

Notes
Turn   | Place    | Note
-------+----------+-------------------------------------------
     0 | D:1      | Demosthentine the Demonspawn Gladiator began the quest for
                  | the Orb.
     0 | D:1      | Reached XP level 1. HP: 16/16 MP: 1/1
   157 | D:1      | Gained mutation: You are partially covered in sharp spines.
                  | [demonic ancestry]
   157 | D:1      | Reached XP level 2. HP: 18/22 MP: 2/2
   315 | D:1      | Reached skill level 1 in Armour
   408 | D:1      | Gained mutation: You are surrounded by a mild repulsion
                  | field. (EV +2) [demonic ancestry]
   408 | D:1      | Reached XP level 3. HP: 28/28 MP: 3/3
  1016 | D:2      | Found Powun's Book Emporium.
  1049 | D:2      | Found an ornate altar of the Wu Jian Council.
  1499 | D:2      | Reached XP level 4. HP: 27/34 MP: 4/4
  2135 | D:3      | Reached XP level 5. HP: 37/41 MP: 5/5
  2244 | D:3      | Found a glowing drain.
  2263 | Sewer    | Entered a sewer
  2323 | Sewer    | Noticed Pargi
  2328 | Sewer    | Killed Pargi
  2418 | Sewer    | Reached XP level 6. HP: 47/47 MP: 6/6
  2650 | D:3      | Found an ornate altar of the Wu Jian Council.
  2650 | D:3      | Found a hazy altar of Hepliaklqana.
  2760 | D:3      | Became a worshipper of Hepliaklqana the Forgotten
  2920 | D:3      | Noticed Ijyb
  2941 | D:3      | Killed Ijyb
  3149 | D:4      | Found a staircase to the Ecumenical Temple.
  3164 | D:4      | Noticed Blork the orc
  3173 | D:4      | Killed Blork the orc
  3179 | Temple   | Entered the Ecumenical Temple
  3724 | D:4      | Reached * piety under Hepliaklqana
  3857 | D:4      | Gained mutation: You have sharp fingernails. [demonic
                  | ancestry]
  3857 | D:4      | Reached XP level 7. HP: 40/48 MP: 7/7
  3961 | D:4      | Found a stormy altar of Qazlal.
  4115 | D:5      | Entered Level 5 of the Dungeon
  4535 | D:5      | Noticed a hornet
  4536 | D:5      | You fall into a shaft and drop 1 floor!
  4656 | D:6      | Reached skill level 5 in Polearms
  4663 | D:6      | Reached skill level 5 in Fighting
  4663 | D:6      | Reached skill level 5 in Dodging
  4663 | D:6      | Reached XP level 8. HP: 47/55 MP: 8/8
  4724 | D:5      | Killed a hornet
  4939 | D:5      | Reached skill level 5 in Armour
  5008 | D:5      | Gained mutation: You have very sharp fingernails. [demonic
                  | ancestry]
  5008 | D:5      | Reached XP level 9. HP: 62/62 MP: 9/9
  5176 | D:$      | Got out of the dungeon alive.

Illustrated notes

Levels and vault maps discovered:
D:1:      dpeg_arrival_round_b, layout_loops_ring, minmay_split_cup_large
D:2:      layout_loops_corners, basic_altar, serial_shops, shop,
          grunt_ministairs_4
D:3:      kennysheep_goblin_castle, layout_loops_ring,
          chequers_temple_overflow_statue_of_worship, portal_sewer_entry_e
D:4:      layout_loops_corners, lemuel_crystal_altar,
          minmay_temple_entry_large_hall, serial_co_window_serial,
          co_window_corner_a, co_window_corner_a, co_window_of_opportunity_a,
          co_window_corner_a, co_window_corner_a, co_window_2corner,
          co_window_unsneaky_path_a, co_window_broadway_a,
          co_window_of_opportunity_b, co_window_of_opportunity_b,
          uniq_blork_the_orc
D:5:      kennysheep_windowed_halls, layout_basic, dreamdust_princess_corridor
D:6:      layout_loops_cross, abandoned_shop
Temple:   jpeg_temple_clearing

Skill      XL: |  1  2  3  4  5  6  7  8 |
---------------+-------------------------+-----
Dodging        | 3 4 5 6 |  6.0
Polearms       | 3 4 5 6 |  6.0
Armour         | 1 2 3 4 5 |  5.2
Fighting       | 3 4 5 6 |  6.1
Throwing       | |  1.7

Action                     |  1- 3 |  4- 6 |  7- 9 || total
---------------------------+-------+-------+-------++-------
  Melee: Trident           |   116 |   165 |   129 ||   410
         Punch             |       |     1 |       ||     1
  Throw: Throwing net      |       |       |     3 ||     3
 Invoke: Recall Ancestor   |       |       |     2 ||     2
    Use: Scroll            |     2 |     9 |     2 ||    13
         Potion            |       |       |     3 ||     3
   Stab: Sleeping          |     4 |     5 |       ||     9
         Distracted        |       |       |     1 ||     1
         Held in net/web   |       |       |     1 ||     1
 Armour: Leather armour    |    23 |    11 |       ||    34
         Troll leather arm |       |    14 |    21 ||    35
  Dodge: Dodged            |    60 |   105 |    53 ||   218

Table legend: (Time is in decaauts)
 A = Elapsed time spent in this place.
 B = Non-inter-level travel time spent in this place.
 C = Inter-level travel time spent in this place.
 D = Time resting spent in this place.
 E = Time spent auto-exploring this place.
 F = Levels seen in this place.
 G = Mean time per level.
                   A        B        C        D        E       F      G
               +--------+--------+--------+--------+--------+-----+--------+
         Total |   5209 |   4957 |    252 |     35 |   3809 |   8 |  651.1 |
       Dungeon |   4889 |   4637 |    252 |     35 |   3577 |   6 |  814.8 |
        Temple |    111 |    111 |      0 |      0 |     86 |   1 |  111.0 |
         Sewer |    207 |    207 |      0 |      0 |    146 |   1 |  207.0 |
               +--------+--------+--------+--------+--------+-----+--------+

Top non-repeatable levels by time:
     D:2: 1128 daAuts
     D:4: 1022 daAuts
     D:3: 953 daAuts
     D:1: 857 daAuts
     D:5: 764 daAuts
   Sewer: 207 daAuts
     D:6: 163 daAuts
  Temple: 111 daAuts
